[Event "Titled Tuesday Blitz March 08 Early 2022"]
[White "Kushko, Dmitriy"]
[Black "Bintang, Rasyid A. Hidayat"]
[WhiteFideId "14162261"]
[BlackFideId "7105355"]
[WhiteElo "2225"]
[BlackElo "2373"]
[Result "1-0"]
[Round "06"]
[TimeControl "180+1"]
[Date "2022.03.09"]
[WhiteClock "0:00:39"]
[BlackClock "0:00:02"]

1. Nf3 d5 2. g3 Nc6 3. d4 Bg4 4. Bg2 Bxf3 5. Bxf3 Nf6 6. c4 e6 7. O-O Be7 8. Nc3 O-O 9. e3 Bb4 10. Qb3 Bxc3 11. Qxc3 Ne7 12. b4 a5 13. bxa5 c6 14. Bd2 Nf5 15. c5 Ne4 16. Bxe4 dxe4 17. Rfb1 Qg5 18. Qc2 Qg4 19. h3 Qxh3 20. Qxe4 Rab8 21. Rb3 h5 22. Rab1 h4 23. g4 Nh6 24. Qg2 Qxg2+ 25. Kxg2 Nxg4 26. Rxb7 Rbd8 27. a6 Ra8 28. a7 1-0


[Site "https://www.chess.com"]

[Event "Titled Tuesday Blitz March 08 Early 2022"]
[White "Kuzmin, Roman"]
[Black "Wagner, Dennis"]
[WhiteFideId "44134932"]
[BlackFideId "24650684"]
[WhiteElo "1978"]
[BlackElo "2355"]
[Result "1-0"]
[Round "06"]
[TimeControl "180+1"]
[Date "2022.03.09"]
[WhiteClock "0:00:09"]
[BlackClock "0:00:13"]

1. e4 c5 2. Nf3 d6 3. d4 cxd4 4. Nxd4 Nf6 5. Nc3 a6 6. Be2 e5 7. Nb3 Be7 8. Be3 O-O 9. g4 b5 10. g5 Ne8 11. Qd2 Bb7 12. Nd5 Bxd5 13. exd5 f5 14. f4 a5 15. a4 b4 16. O-O-O Nd7 17. Bb5 exf4 18. Bxf4 Ne5 19. Nd4 Nc7 20. h4 Nxb5 21. Nxb5 Ng4 22. Rhe1 Rf7 23. Nd4 Bf8 24. h5 Qd7 25. g6 hxg6 26. hxg6 Rf6 27. Re6 Qxa4 28. Nb3 Rc8 29. Kb1 Rxe6 30. dxe6 Qe8 31. Re1 a4 32. Nc1 b3 33. cxb3 axb3 34. e7 Bxe7 35. Qd5+ Kf8 36. Qh1 Qxg6 37. Qh8+ Kf7 38. Qxc8 Ne5 39. Bxe5 f4+ 40. Ka1 dxe5 41. Qc4+ Kf8 42. Qxb3 Qa6+ 43. Kb1 Bf6 44. Qb8+ Kf7 45. Qc7+ Kg6 46. Rg1+ Kh7 47. Qf7 Qc6 48. Qh5+ Kg8 49. Qg6 Kf8 50. Qc2 Qd7 51. Rd1 Qe6 52. Nb3 e4 53. Nc5 Qf5 54. Nxe4 f3 55. Nxf6 Qxf6 56. Rf1 g5 57. Qc5+ Kg7 58. Qc7+ Kg6 59. Qc2+ Kg7 60. Qd3 g4 61. Rg1 Qf4 62. Qd7+ Kf6 63. Qxg4 Qe3 64. Qg7+ Kf5 65. Qf7+ Ke4 66. Qe6+ Kd3 67. Qxe3+ Kxe3 68. b4 f2 69. Rh1 Ke2 70. b5 f1=Q+ 71. Rxf1 Kxf1 72. b6 Ke2 73. b7 Kd3 74. b8=Q 1-0


[Site "https://www.chess.com"]

[Event "Titled Tuesday Blitz March 08 Early 2022"]
[White "Le, Tuan Minh"]
[Black "Lou, Yiping"]
[WhiteFideId "12401153"]
[BlackFideId "8603928"]
[WhiteElo "2450"]
[BlackElo "2412"]
[Result "0-1"]
[Round "06"]
[TimeControl "180+1"]
[Date "2022.03.08"]
[WhiteClock "0:00:11"]
[BlackClock "0:00:47"]

1. d4 Nf6 2. Nf3 g6 3. Bg5 Bg7 4. Nbd2 d5 5. c3 O-O 6. e3 Nbd7 7. Bd3 Re8 8. O-O e5 9. e4 exd4 10. cxd4 dxe4 11. Nxe4 c6 12. Re1 h6 13. Bh4 g5 14. Bg3 Nxe4 15. Bxe4 Nf6 16. Bc2 Bg4 17. Rxe8+ Qxe8 18. h3 Bh5 19. Bb3 Rd8 20. Qd3 Nd5 21. Re1 Qf8 22. Ne5 Qb4 23. Rc1 a5 24. a3 Qb6 25. h4 Nf4 26. Bxf4 gxf4 27. Qf5 Qxb3 28. Qxh5 Rxd4 29. Re1 Qd5 30. Qg4 f3 31. Qc8+ Qd8 32. Qxd8+ Rxd8 33. Nxf3 Bxb2 34. Rb1 Bxa3 35. Rxb7 Bc5 36. Rc7 Rd1+ 37. Kh2 Bd6+ 0-1


[Site "https://www.chess.com"]

[Event "Titled Tuesday Blitz March 08 Early 2022"]
[White "Leiva, Gianmarco"]
[Black "Hess, Max"]
[WhiteFideId "3804399"]
[BlackFideId "24656666"]
[WhiteElo "2311"]
[BlackElo "2276"]
[Result "0-1"]
[Round "06"]
[TimeControl "180+1"]
[Date "2022.03.08"]
[WhiteClock "0:01:20"]
[BlackClock "0:00:58"]

1. e4 c6 2. d4 d5 3. e5 c5 4. dxc5 e6 5. a3 Bxc5 6. b4 Be7 7. Bb2 f6 8. Nf3 a5 9. b5 Nd7 10. c4 Nxe5 11. Nxe5 fxe5 12. cxd5 Nf6 13. dxe6 Qxd1+ 14. Kxd1 Bxe6 15. Nd2 O-O 16. Be2 Rad8 17. Ke1 e4 18. Rc1 b6 19. Rf1 Bc5 20. Nc4 Ng4 21. Bxg4 Bxg4 22. Nxa5 bxa5 23. f3 exf3 24. Rxc5 f2+ 0-1


[Site "https://www.chess.com"]

[Event "Titled Tuesday Blitz March 08 Early 2022"]
[White "Leve, Nitai"]
[Black "Goryachkina, Aleksandra"]
[WhiteFideId "2006898"]
[BlackFideId "4147103"]
[WhiteElo "2144"]
[BlackElo "2426"]
[Result "0-1"]
[Round "06"]
[TimeControl "180+1"]
[Date "2022.03.09"]
[WhiteClock "0:00:05"]
[BlackClock "0:00:03"]

1. e4 e6 2. d4 d5 3. Nd2 c5 4. exd5 Qxd5 5. Ngf3 cxd4 6. Bc4 Qd7 7. O-O Nc6 8. Re1 Nf6 9. a3 a6 10. b4 Be7 11. Bb2 O-O 12. Ne4 b5 13. Bb3 Bb7 14. Qd3 h6 15. Rad1 Rad8 16. c3 Nxe4 17. Rxe4 Bf6 18. cxd4 Ne7 19. Ree1 Bxf3 20. Qxf3 Nd5 21. Qe4 Rc8 22. Rd3 g6 23. Rh3 Bg7 24. Bc1 Nc3 25. Qf3 h5 26. Bb2 Qxd4 27. Rg3 Qd2 28. Bxc3 Rxc3 29. Qd1 Qxd1 30. Rxd1 Rfc8 31. Ba2 Rxg3 32. hxg3 Rc2 33. Bb3 Rc3 34. Rd8+ Bf8 35. Bd1 Rxa3 36. Be2 Rb3 37. g4 hxg4 38. Bxg4 Rxb4 39. Bf3 Rb1+ 40. Kh2 Kg7 41. Ra8 Bd6+ 42. g3 a5 43. Rxa5 b4 44. Rb5 b3 45. Rb7 Be5 46. Be4 Rb2 47. Kg2 Bd4 48. Kh3 Bxf2 49. Bf3 Bd4 50. Bd1 Rb1 51. Bxb3 Kf6 52. Kg4 Rg1 53. Kf3 Be5 54. g4 Rg3+ 55. Ke4 Rxg4+ 56. Kf3 Rg3+ 57. Kf2 Rc3 58. Bd1 Rc7 59. Rb5 g5 60. Bf3 Rd7 61. Ra5 Rd2+ 62. Ke1 Rb2 63. Ra8 Rb3 64. Kf2 Kf5 65. Rf8 Rb2+ 66. Be2 f6 67. Ke3 Bf4+ 68. Kd3 g4 69. Bf1 Rd2+ 70. Kc3 g3 71. Rg8 Rf2 72. Bd3+ Ke5 73. Rg4 f5 74. Rg8 g2 75. Bc4 Be3 76. Re8 g1=Q 77. Rxe6+ Kf4 78. Rd6 Qc1+ 79. Kb4 Rb2+ 80. Ka5 Qxc4 81. Rd4+ Qxd4 82. Ka6 Qb6# 0-1


[Site "https://www.chess.com"]

[Event "Titled Tuesday Blitz March 08 Early 2022"]
[White "Levin, Anthony"]
[Black "Rosenberg, Evan S"]
[WhiteFideId "30940680"]
[BlackFideId "2019299"]
[WhiteElo "1868"]
[BlackElo "2258"]
[Result "0-1"]
[Round "06"]
[TimeControl "180+1"]
[Date "2022.03.09"]
[WhiteClock "0:00:01"]
[BlackClock "0:00:11"]

1. d4 Nf6 2. c4 e6 3. g3 Bb4+ 4. Bd2 a5 5. Bg2 c5 6. d5 exd5 7. cxd5 d6 8. Nc3 O-O 9. Nf3 Re8 10. O-O Bxc3 11. Bxc3 b5 12. b3 Bb7 13. Nh4 g6 14. Qd3 Nbd7 15. f4 Qb6 16. Kh1 c4 17. bxc4 bxc4 18. Qxc4 Rac8 19. Qd3 Rxc3 20. Qxc3 Bxd5 21. Rab1 Bxg2+ 22. Kxg2 Rxe2+ 23. Kh1 Qa6 24. Nf3 Ne4 25. Qb3 Ndc5 26. Qb8+ Kg7 27. Rb2 Qd3 28. Rxe2 Qxe2 29. Kg1 Qe3+ 30. Kg2 Nd3 31. Qb1 Qe2+ 0-1


[Site "https://www.chess.com"]

[Event "Titled Tuesday Blitz March 08 Early 2022"]
[White "Levine, David"]
[Black "Vifleemskaia, Svetlana"]
[WhiteFideId "2011611"]
[BlackFideId "4129490"]
[WhiteElo "2179"]
[BlackElo "1901"]
[Result "0-1"]
[Round "06"]
[TimeControl "180+1"]
[Date "2022.03.09"]
[WhiteClock "0:00:01"]
[BlackClock "0:00:04"]

1. d4 Nf6 2. c4 e6 3. g3 Bb4+ 4. Bd2 Qe7 5. Bg2 Nc6 6. Nf3 O-O 7. O-O Bxd2 8. Qxd2 Ne4 9. Qc2 f5 10. Nc3 Nxc3 11. Qxc3 a5 12. d5 Nb8 13. dxe6 dxe6 14. Ne5 Nd7 15. Nxd7 Qxd7 16. Rad1 Qe7 17. Qe5 Ra6 18. Rd3 a4 19. Rfd1 a3 20. b3 b6 21. Bc6 Ra5 22. Qc3 Rc5 23. Bb5 f4 24. b4 Rh5 25. Bc6 fxg3 26. hxg3 Qg5 27. Bg2 Rh6 28. f4 Qh5 29. Rd8 Rf6 30. Rxf8+ Rxf8 31. Kf2 e5 32. Rh1 Qf5 33. e3 exf4 34. gxf4 Rd8 35. Bf3 Qf6 36. Qxf6 gxf6 37. Ke2 Kf7 38. Rc1 Be6 39. Rc3 Rd7 40. e4 f5 41. e5 Rd8 0-1


[Site "https://www.chess.com"]

[Event "Titled Tuesday Blitz March 08 Early 2022"]
[White "Lewtak, Damian"]
[Black "Bulmaga, Irina"]
[WhiteFideId "1141724"]
[BlackFideId "13903063"]
[WhiteElo "2362"]
[BlackElo "2184"]
[Result "0-1"]
[Round "06"]
[TimeControl "180+1"]
[Date "2022.03.09"]
[WhiteClock "0:00:03"]
[BlackClock "0:00:18"]

1. a3 d5 2. d4 Nf6 3. Nf3 b6 4. Bf4 Bb7 5. e3 e6 6. c4 Nbd7 7. Bd3 Be7 8. O-O dxc4 9. Bxc4 O-O 10. Nbd2 c5 11. dxc5 Nxc5 12. Qe2 Nh5 13. Be5 Bf6 14. Rfd1 Bxe5 15. Nxe5 Nf6 16. Ne4 Qe7 17. Ng3 Ncd7 18. Nxd7 Nxd7 19. Rac1 Nf6 20. Bd3 h6 21. Nh5 Rac8 22. Bb1 Bd5 23. Qd3 g6 24. Nf4 Be4 25. Qe2 Bxb1 26. Rxb1 g5 27. Nd3 Rfd8 28. h3 Kg7 29. Ne5 Rd5 30. Rxd5 Nxd5 31. Qd3 Qc5 32. Rd1 Qc2 33. Qd4 f6 34. Nf3 Rc4 35. Qd3 Qxd3 36. Rxd3 f5 37. Kf1 Kf6 38. Ke2 a5 39. Rd4 Rc6 40. Rd2 Rc1 41. Nd4 Rg1 42. Kf3 h5 43. g3 g4+ 44. hxg4 fxg4+ 45. Ke2 Rc1 46. Nb5 Ke5 47. Nd4 Nf6 48. Nb5 Ne4 49. Rd8 Rc2+ 50. Ke1 Rxb2 51. Nd4 Nxf2 52. Rf8 Ne4 53. Rd8 Nxg3 54. Nc6+ Kf6 55. Rf8+ Kg7 56. Rf4 Nf5 57. Nd8 Kf6 58. e4 Ke5 59. Rf1 Rb1+ 0-1


[Site "https://www.chess.com"]

[Event "Titled Tuesday Blitz March 08 Early 2022"]
[White "Lima, Kleyton Alcantara"]
[Black "Madaminov, Mukhiddin"]
[WhiteFideId "22718397"]
[BlackFideId "14210703"]
[WhiteElo "1951"]
[BlackElo "1916"]
[Result "0-1"]
[Round "06"]
[TimeControl "180+1"]
[Date "2022.03.09"]
[WhiteClock "0:00:02"]
[BlackClock "0:00:12"]

1. e4 e6 2. d4 d5 3. Nc3 Nf6 4. e5 Nfd7 5. f4 c5 6. Nf3 Nc6 7. Be3 Qb6 8. Na4 Qa5+ 9. c3 b6 10. Bd2 c4 11. b4 Nxb4 12. cxb4 Bxb4 13. Rb1 Bxd2+ 14. Nxd2 c3 15. Nxc3 Qxc3 16. Qa4 Qe3+ 17. Be2 Qxf4 18. Rf1 Qxh2 19. Bb5 Qh4+ 20. Kd1 Qd8 21. Bc6 Rb8 22. Nf3 O-O 23. Qxa7 Bb7 24. Bxb7 Qc7 25. Qa6 Qxb7 26. Qd3 h6 27. g4 f6 28. exf6 Nxf6 29. g5 hxg5 30. Nxg5 Ne4 31. Nxe4 dxe4 32. Qc4 Rxf1+ 33. Qxf1 Qd5 34. Qf2 e5 35. Rb4 Ra8 36. Rxb6 exd4 37. Rb2 e3 38. Qe2 Rc8 39. Qg4 Qc4 0-1


[Site "https://www.chess.com"]

[Event "Titled Tuesday Blitz March 08 Early 2022"]
[White "Liyanage, Ranindu Dilshan"]
[Black "Yuan, Qingyu"]
[WhiteFideId "9915834"]
[BlackFideId "8609772"]
[WhiteElo "1858"]
[BlackElo "2359"]
[Result "0-1"]
[Round "06"]
[TimeControl "180+1"]
[Date "2022.03.08"]
[WhiteClock "0:00:05"]
[BlackClock "0:00:06"]

1. e4 c5 2. Nf3 d6 3. d4 cxd4 4. Nxd4 Nf6 5. Nc3 a6 6. Be2 e5 7. Nb3 Be7 8. Be3 Be6 9. Nd5 Nbd7 10. Qd3 Bxd5 11. exd5 O-O 12. O-O Rc8 13. c4 b6 14. Rfd1 h5 15. Rac1 Ng4 16. Bd2 Bg5 17. Bxg4 hxg4 18. Qf5 Bxd2 19. Nxd2 Nf6 20. Re1 g6 21. Qg5 Kg7 22. Nf1 Qd7 23. Ng3 Rh8 24. b3 Rh7 25. Qe3 Rch8 26. Nf1 Qd8 27. b4 Nd7 28. a4 a5 29. c5 bxc5 30. bxc5 Nxc5 31. Rxc5 dxc5 32. Qxe5+ Qf6 33. Qc7 Rd8 34. Ne3 Qd6 35. Qxa5 Qxh2+ 36. Kf1 Re8 37. Qxc5 Qh1+ 38. Ke2 Qxg2 39. Qd4+ Kg8 40. d6 Qf3+ 41. Kd3 f5 42. Rc1 Rd7 43. Rc7 Red8 44. Kc3 f4 45. Qc4+ Kf8 46. Qd4 Rxc7+ 47. dxc7 Qc6+ 48. Qc4 Qxc4+ 49. Kxc4 Rc8 50. Nd5 g3 51. fxg3 fxg3 52. Nf4 Rxc7+ 53. Kd3 Kf7 54. Ke3 Rc4 55. Kf3 Rxa4 0-1


[Site "https://www.chess.com"]

[Event "Titled Tuesday Blitz March 08 Early 2022"]
[White "Maevsky, Nikolay"]
[Black "Kobalia, Mikhail"]
[WhiteFideId "4198220"]
[BlackFideId "4119150"]
[WhiteElo "2126"]
[BlackElo "2667"]
[Result "0-1"]
[Round "06"]
[TimeControl "180+1"]
[Date "2022.03.08"]
[WhiteClock "0:00:41"]
[BlackClock "0:02:14"]

1. d4 d5 2. Nf3 Nf6 3. e3 c6 4. Nbd2 Bf5 5. Ne5 h6 6. f4 e6 7. Bd3 Bxd3 8. cxd3 c5 9. Ndf3 cxd4 10. Nxd4 Bc5 11. Qa4+ Nbd7 12. Nb3 Bb6 13. Qb4 Nxe5 14. fxe5 Nd7 15. O-O a5 16. Qf4 O-O 17. Bd2 a4 18. Nd4 Qg5 19. Bc3 a3 20. b3 Qxf4 21. exf4 Rfc8 22. Rac1 Rxc3 23. Rxc3 Bxd4+ 0-1


[Site "https://www.chess.com"]

[Event "Titled Tuesday Blitz March 08 Early 2022"]
[White "Marcinczyk, Monika"]
[Black "Gatterer, Florian"]
[WhiteFideId "1192051"]
[BlackFideId "811688"]
[WhiteElo "1783"]
[BlackElo "2218"]
[Result "1-0"]
[Round "06"]
[TimeControl "180+1"]
[Date "2022.03.09"]
[WhiteClock "0:00:15"]
[BlackClock "0:00:52"]

1. e4 c5 2. Nf3 e6 3. d4 cxd4 4. Nxd4 Nc6 5. Nc3 Qc7 6. f4 a6 7. Be3 Nxd4 8. Bxd4 b5 9. a3 Bb7 10. Bd3 Nf6 11. O-O Bc5 12. Bxc5 Qxc5+ 13. Kh1 d6 14. Qf3 e5 15. fxe5 dxe5 16. Rae1 O-O 17. Qf5 Qe7 18. Nd5 Nxd5 19. exd5 g6 20. Qxe5 Qxe5 21. Rxe5 f6 22. Re6 Bxd5 23. Rexf6 Rxf6 24. Rxf6 Kg7 25. Rd6 Re8 26. Kg1 Be4 27. Bxe4 Rxe4 28. Rxa6 Re1+ 29. Kf2 Rc1 30. Rc6 Rb1 31. b3 Ra1 32. Rc5 Ra2 33. Kf3 Kf6 34. Ke4 h5 35. Kd3 Rxa3 36. Rxb5 Ra1 37. Rb8 Rg1 38. Rf8+ Ke5 39. Rf2 Rh1 40. h3 Rd1+ 41. Rd2 Rg1 42. b4 Kd5 43. c4+ Ke5 44. b5 Rb1 45. Re2+ Kf4 46. Kd4 g5 47. Kc5 g4 48. hxg4 hxg4 49. b6 Kg3 50. Kc6 Rb3 51. b7 Rb2 52. Rxb2 Kh2 53. b8=Q+ 1-0


[Site "https://www.chess.com"]

[Event "Titled Tuesday Blitz March 08 Early 2022"]
[White "Martin Duque, Jesus"]
[Black "Fathy, Elameir"]
[WhiteFideId "2208954"]
[BlackFideId "10600396"]
[WhiteElo "2243"]
[BlackElo "2311"]
[Result "1-0"]
[Round "06"]
[TimeControl "180+1"]
[Date "2022.03.09"]
[WhiteClock "0:02:16"]
[BlackClock "0:00:25"]

1. e4 c6 2. Nf3 d5 3. d3 dxe4 4. dxe4 Qxd1+ 5. Kxd1 Nf6 6. Nfd2 h5 7. f3 g5 8. Nc3 g4 9. Nc4 h4 10. f4 b5 11. e5 Nfd7 12. Ne3 Rg8 13. a4 b4 14. Ne4 a5 15. Be2 Nb6 16. b3 Ba6 17. Bb2 Bxe2+ 18. Kxe2 N8d7 19. Rad1 O-O-O 20. Ng5 f6 21. Nf7 Re8 22. e6 Nc5 23. f5 h3 24. g3 Nb7 25. Bd4 c5 26. Bb2 Nd6 27. Nxd6+ exd6 28. Bxf6 Bh6 29. Rxd6 Bxe3 30. Rxb6 Rgf8 31. Kxe3 Rxf6 32. Ke4 Kc7 33. Rb5 1-0


[Site "https://www.chess.com"]

[Event "Titled Tuesday Blitz March 08 Early 2022"]
[White "Matinian, Nikita"]
[Black "Silva, Miguel Antonio Neto"]
[WhiteFideId "24129100"]
[BlackFideId "1911929"]
[WhiteElo "2422"]
[BlackElo "2204"]
[Result "1-0"]
[Round "06"]
[TimeControl "180+1"]
[Date "2022.03.09"]
[WhiteClock "0:01:18"]
[BlackClock "0:01:14"]

1. e4 e5 2. Bc4 Nf6 3. d3 Nc6 4. Nc3 Na5 5. Qf3 Be7 6. Nge2 d6 7. h3 a6 8. g4 Nxc4 9. dxc4 Be6 10. b3 b5 11. cxb5 axb5 12. g5 Nd7 13. Nxb5 O-O 14. Rg1 c6 15. Nbc3 Kh8 16. Be3 Qa5 17. Kf1 d5 18. Bd2 d4 19. Nb1 Qa6 20. a4 c5 21. Na3 c4 22. Nxc4 Bxc4 23. bxc4 Qxc4 24. Kg2 Rxa4 25. Rxa4 Qxa4 26. Rc1 Qc4 27. Ng3 Kg8 28. Nf5 Ba3 29. Qxa3 1-0


[Site "https://www.chess.com"]

[Event "Titled Tuesday Blitz March 08 Early 2022"]
[White "Matlakov, Maxim"]
[Black "Safarli, Eltaj"]
[WhiteFideId "4168003"]
[BlackFideId "13402129"]
[WhiteElo "2669"]
[BlackElo "2634"]
[Result "1-0"]
[Round "06"]
[TimeControl "180+1"]
[Date "2022.03.08"]
[WhiteClock "0:00:26"]
[BlackClock "0:00:05"]

1. e4 c6 2. d4 d5 3. exd5 cxd5 4. Bd3 Nc6 5. c3 Nf6 6. h3 g6 7. Nf3 Bg7 8. Qc2 O-O 9. O-O Bd7 10. Bf4 Rc8 11. a3 Nh5 12. Be3 Qc7 13. Re1 Nf4 14. Bf1 Rce8 15. Qc1 Nh5 16. Nbd2 f6 17. c4 Be6 18. b4 a6 19. g4 f5 20. Ng5 Bc8 21. cxd5 f4 22. dxc6 fxe3 23. Rxe3 Nf4 24. cxb7 Qxb7 25. Qc4+ Kh8 26. Nf7+ Rxf7 27. Qxf7 Rf8 28. Qxe7 Qd5 29. Qe4 Qxd4 30. Qxd4 Bxd4 31. Rae1 Bxe3 32. fxe3 Rd8 33. exf4 1-0


[Site "https://www.chess.com"]

[Event "Titled Tuesday Blitz March 08 Early 2022"]
[White "Matveeva, Olga"]
[Black "Lauridsen, Jesper Morch"]
[WhiteFideId "24107018"]
[BlackFideId "1401890"]
[WhiteElo "2083"]
[BlackElo "2255"]
[Result "0-1"]
[Round "06"]
[TimeControl "180+1"]
[Date "2022.03.09"]
[WhiteClock "0:00:09"]
[BlackClock "0:00:28"]

1. d4 d5 2. c4 e6 3. Nf3 c5 4. cxd5 exd5 5. Nc3 Nc6 6. g3 Nf6 7. Bg2 Be7 8. O-O O-O 9. Bg5 cxd4 10. Nxd4 h6 11. Bxf6 Bxf6 12. Nxc6 bxc6 13. Rc1 Rb8 14. b3 Qa5 15. Na4 Re8 16. Rxc6 Bd7 17. Rc5 Qb4 18. Rxd5 Bc6 19. Rd6 Bxg2 20. Kxg2 Qe4+ 21. Kg1 Qxe2 22. Rd2 Qb5 23. Re1 Rxe1+ 24. Qxe1 Re8 25. Qd1 Bg5 26. Rd5 Qb4 27. Kg2 Re1 28. Qd3 Qb7 29. Nc5 Qc6 30. Ne4 f5 31. Nxg5 Re5 32. Nf3 Qxd5 33. Qa6 Re7 34. Qc8+ Kh7 35. b4 g5 36. h3 h5 37. Qc5 Qxc5 38. bxc5 g4 39. hxg4 fxg4 40. Nd4 Re4 41. Nf5 Re5 42. Nd6 Rxc5 43. Ne4 Ra5 44. Nf6+ Kg6 0-1


[Site "https://www.chess.com"]

[Event "Titled Tuesday Blitz March 08 Early 2022"]
[White "Mirzoev, Azer"]
[Black "Nguyen Hong Nhung"]
[WhiteFideId "13400304"]
[BlackFideId "12412201"]
[WhiteElo "2525"]
[BlackElo "1661"]
[Result "1-0"]
[Round "06"]
[TimeControl "180+1"]
[Date "2022.03.09"]
[WhiteClock "0:00:20"]
[BlackClock "0:00:01"]

1. Nf3 f5 2. d3 Nf6 3. c4 g6 4. Nc3 Bg7 5. e4 d6 6. e5 dxe5 7. Nxe5 Nbd7 8. Nxd7 Bxd7 9. d4 e6 10. Be2 Bc6 11. O-O O-O 12. Bf4 Ne4 13. Nxe4 Bxe4 14. Be5 Bxe5 15. dxe5 Qg5 16. f3 Rad8 17. Qc1 Rd2 18. Rf2 Qe3 19. Qe1 Bc6 20. Bf1 Qxe1 21. Rxe1 Rfd8 22. b3 Kf7 23. Ree2 Rd1 24. h3 f4 25. Rb2 Re1 26. Rfd2 Rxd2 27. Rxd2 Rxe5 28. Kf2 Ke7 29. h4 Rh5 30. g3 fxg3+ 31. Kxg3 Rf5 32. Be2 e5 33. Rd3 Rf6 34. Re3 Re6 35. b4 a6 36. b5 axb5 37. cxb5 Bd5 38. a4 Kd6 39. a5 Kc5 40. a6 bxa6 41. bxa6 Kb6 42. Ra3 Ka7 43. Ra5 Rd6 44. Kf2 e4 45. f4 Ba8 46. Ke3 Kb6 47. Re5 c5 48. Re7 Rd4 49. Rxh7 Ra4 50. Rg7 c4 51. Rxg6+ Kb5 52. Kd4 Kb4 53. Bxc4 e3 54. Re6 Ka5 55. Rxe3 Bc6 56. Re5+ Kb6 57. f5 Ra1 58. f6 Rd1+ 59. Kc3 Rc1+ 60. Kb3 Rb1+ 61. Kc2 Rh1 62. f7 Rh2+ 63. Kc3 Rf2 64. Re8 Bb5 65. Rb8+ Kxa6 66. Bxb5+ Ka5 67. Ra8+ Kxb5 68. f8=Q 1-0


[Site "https://www.chess.com"]

[Event "Titled Tuesday Blitz March 08 Early 2022"]
[White "Miszler, Levente"]
[Black "Saravana, Krishnan P."]
[WhiteFideId "763276"]
[BlackFideId "5018382"]
[WhiteElo "1966"]
[BlackElo "2210"]
[Result "0-1"]
[Round "06"]
[TimeControl "180+1"]
[Date "2022.03.09"]
[WhiteClock "0:01:39"]
[BlackClock "0:01:59"]

1. Nf3 d5 2. d4 Nf6 3. Bg5 c6 4. e3 Qb6 5. Qc1 Bf5 6. Nbd2 e6 7. Bd3 Bg6 8. Bxg6 hxg6 9. O-O Bd6 10. h3 Nbd7 11. c4 Qc7 12. c5 Be7 13. Re1 Ne4 14. Bxe7 Kxe7 15. Nxe4 dxe4 16. Nd2 Nf6 17. Qc2 Rh4 18. b4 Rah8 19. a4 g5 20. b5 g4 21. bxc6 bxc6 22. Rab1 gxh3 23. g3 Rg4 24. Kh2 Rxg3 25. fxg3 Ng4+ 26. Kh1 Qxg3 27. Nxe4 Qf3+ 28. Kg1 h2+ 29. Qxh2 Rxh2 0-1


[Site "https://www.chess.com"]

[Event "Titled Tuesday Blitz March 08 Early 2022"]
[White "Mohammadian, Mohammad"]
[Black "Clawitter, Craig"]
[WhiteFideId "12566055"]
[BlackFideId "2023105"]
[WhiteElo "1544"]
[BlackElo "2266"]
[Result "0-1"]
[Round "06"]
[TimeControl "180+1"]
[Date "2022.03.09"]
[WhiteClock "0:00:12"]
[BlackClock "0:00:10"]

1. e4 e6 2. d4 d5 3. Nd2 Be7 4. Bd3 c5 5. c3 cxd4 6. cxd4 dxe4 7. Nxe4 Nf6 8. Nf3 Nc6 9. O-O O-O 10. Bc2 Nb4 11. Bb1 Bd7 12. a3 Nbd5 13. Bg5 Rc8 14. Qd3 Nxe4 15. Bxe7 Qxe7 16. Qxe4 g6 17. Re1 Qf6 18. Ne5 Rfd8 19. Nxd7 Rxd7 20. Ba2 Nf4 21. g3 Rxd4 22. Qxb7 Nh3+ 23. Kg2 Qxf2+ 24. Kxh3 Qf5+ 25. Kg2 Rc2+ 26. Kg1 Qf2+ 27. Kh1 Qxh2# 0-1


[Site "https://www.chess.com"]

[Event "Titled Tuesday Blitz March 08 Early 2022"]
[White "Muradov, Soltan"]
[Black "Artemenko, Oleg"]
[WhiteFideId "14002108"]
[BlackFideId "14201798"]
[WhiteElo "1854"]
[BlackElo "2287"]
[Result "0-1"]
[Round "06"]
[TimeControl "180+1"]
[Date "2022.03.09"]
[WhiteClock "0:00:11"]
[BlackClock "0:01:21"]

1. d4 Nf6 2. Nf3 e6 3. Bf4 c5 4. c3 Nc6 5. e3 d5 6. Nbd2 Be7 7. h3 Bd6 8. Bxd6 Qxd6 9. Bd3 O-O 10. dxc5 Qxc5 11. Qe2 e5 12. e4 Qb6 13. b3 dxe4 14. Nxe4 Nd5 15. O-O Nf4 16. Qc2 Rd8 17. Rad1 h6 18. Bc4 Be6 19. Nd6 Qc7 20. Bxe6 Nxe6 21. Nc4 b5 22. Ne3 Nf4 23. Qe4 Rxd1 24. Rxd1 Ne2+ 25. Kh1 Nxc3 26. Qc2 Nxd1 27. Nd5 Qd6 28. Qxc6 Nxf2+ 29. Kg1 Qxc6 30. Ne7+ Kf8 31. Nxc6 Nd3 32. Kf1 Rc8 33. Ncxe5 Nxe5 34. Nxe5 Rc1+ 35. Kf2 Rc2+ 36. Kf3 Rxa2 37. g3 f6 38. Nd7+ Ke7 39. Nc5 Rc2 40. b4 Rxc5 41. bxc5 a5 42. Ke3 a4 43. Kd4 a3 44. Kc3 b4+ 45. Kb3 Kd7 0-1


[Site "https://www.chess.com"]

[Event "Titled Tuesday Blitz March 08 Early 2022"]
[White "Musovic, Armin"]
[Black "Golubka, Petro"]
[WhiteFideId "939935"]
[BlackFideId "14114224"]
[WhiteElo "2283"]
[BlackElo "2346"]
[Result "0-1"]
[Round "06"]
[TimeControl "180+1"]
[Date "2022.03.09"]
[WhiteClock "0:00:16"]
[BlackClock "0:00:26"]

1. a3 a6 2. Nc3 Nc6 3. e4 e5 4. Nf3 Nf6 5. d4 d5 6. Nxd5 Nxd5 7. exd5 Qxd5 8. dxe5 Qxd1+ 9. Kxd1 Bg4 10. Bf4 O-O-O+ 11. Ke1 Bxf3 12. gxf3 Nd4 13. Bd3 Nxf3+ 14. Ke2 Nxe5 15. Bxe5 Re8 16. f4 f6 17. Bf5+ Kb8 18. Rad1 fxe5 19. Bd7 Re7 20. f5 c6 21. Rhf1 Kc7 22. Be6 g6 23. Kd3 Bh6 24. Ke4 Bf4 25. h3 gxf5+ 26. Bxf5 Rf8 27. c4 Rg7 28. Rg1 Rfg8 29. Rg4 h5 30. Rxg7+ Rxg7 31. c5 a5 32. b4 a4 33. Be6 Rg3 34. Rd7+ Kb8 35. Rd3 Rxd3 36. Kxd3 Bc1 37. b5 Bxa3 38. bxc6 bxc6 39. Kc4 e4 40. Kd4 Bxc5+ 41. Kxe4 h4 42. Kd3 Kc7 43. Kc4 Be7 44. Bf7 a3 45. Kb3 Kb6 46. Bg8 Ka5 47. Bf7 Bb4 48. Bc4 c5 49. Bd3 Kb6 50. Bc4 Kc6 51. Bg8 Kd6 52. Bf7 Ke5 53. Bg8 Kd4 54. Bf7 Kd3 55. Bg8 Kd4 56. Bf7 c4+ 57. Ka2 c3 58. Bg6 Ke3 59. Kb3 Kd2 60. Bb1 a2 61. Kxa2 c2 62. Bxc2 Kxc2 63. Ka1 Bd2 64. Ka2 Bc1 65. Ka1 Kd3 66. Kb1 Bf4 67. Ka2 Ke2 68. Kb3 Kf3 69. Kc2 Kg2 70. Kd1 Kxh3 71. Ke2 Kg2 72. Kd3 h3 73. Ke4 h2 74. Kf5 0-1


[Site "https://www.chess.com"]

[Event "Titled Tuesday Blitz March 08 Early 2022"]
[White "Nakamura, Hikaru"]
[Black "Erigaisi Arjun"]
[WhiteFideId "2016192"]
[BlackFideId "35009192"]
[WhiteElo "2850"]
[BlackElo "2745"]
[Result "1-0"]
[Round "06"]
[TimeControl "180+1"]
[Date "2022.03.08"]
[WhiteClock "0:00:22"]
[BlackClock "0:00:05"]

1. Nf3 c5 2. b3 Nc6 3. Bb2 d6 4. d4 cxd4 5. Nxd4 Nf6 6. Nxc6 bxc6 7. g3 Qa5+ 8. Nd2 Qd5 9. e4 Qc5 10. Bg2 Bg4 11. f3 Qe3+ 12. Qe2 Qxe2+ 13. Kxe2 Bd7 14. c4 c5 15. f4 Bc6 16. Rhg1 Nd7 17. e5 Bxg2 18. Rxg2 dxe5 19. fxe5 e6 20. Ne4 Be7 21. Rd1 Rd8 22. Ke3 Nb8 23. Rgd2 Rxd2 24. Rxd2 O-O 25. Ba3 Rc8 26. Bxc5 Rxc5 27. Nxc5 Bxc5+ 28. Ke4 Be7 29. b4 f5+ 30. exf6 gxf6 31. c5 Kf7 32. b5 f5+ 33. Kf3 Ke8 34. c6 Bd8 35. a4 Ke7 36. Kf4 Ba5 37. Rd3 h6 38. Kf3 e5 39. Ke2 Bc7 40. Rd1 e4 41. Rd4 Ke6 42. Rd1 h5 43. Kf2 Bb6+ 44. Kg2 Bc7 45. Kh3 Ke5 46. Kg2 Bb6 47. Rc1 Kd6 48. Rc2 Bc7 49. Rd2+ Ke5 50. Rd1 Bb6 51. Rc1 Kd6 52. Kh3 Bd8 53. Rd1+ Kc7 54. Rd5 e3 55. Kg2 h4 56. Rxf5 hxg3 57. hxg3 Be7 58. Rf7 Kd6 59. Rxe7 Kxe7 60. c7 1-0


[Site "https://www.chess.com"]